 Dungeon Crawl Stone Soup version 0.22.1-1-ga44c0e5 (webtiles) character file.

4759 Lauz the Carver (level 10, 0/132 HPs)
             Began as a Minotaur Berserker on Oct 29, 2018.
             Was a High Priest of Trog.
             Slain by a yak (4 damage)
             ... on level 8 of the Dungeon.
             The game lasted 00:19:45 (7273 turns).

Lauz the Carver (Minotaur Berserker)                Turns: 7273, Time: 00:19:46

Health: 0/132      AC: 11    Str: 33    XL:     10   Next: 23%
Magic:  18/18      EV: 11    Int:  4    God:    Trog [*****.]
Gold:   481        SH:  3    Dex: 11    Spells: 9/9 levels left

rFire    . . .     SeeInvis .   H - +0 long sword
rCold    . . .     Gourm    .   I - +0 buckler
rNeg     . . .     Faith    .   w - +1 ring mail "Esus" {rPois Str+4}
rPois    +         Spirit   .   (helmet restricted)
rElec    .         Reflect  .   h - +1 cloak
rCorr    +         Harm     .   r - +0 pair of gloves
MR       .....                  (no boots)
Stlth    ..........             v - amulet of magic regeneration
HPRegen  0.32/turn              o - ring of magical power
MPRegen  0.41/turn              t - ring of resist corrosion

@: berserking, very quick
A: retaliatory headbutt, horns 2
a: Berserk, Trog's Hand, Brothers in Arms, Renounce Religion


You were on level 8 of the Dungeon.
You worshipped Trog.
Trog was extremely pleased with you.
You were near starving.

You visited 1 branch of the dungeon, and saw 9 of its levels.

You collected 481 gold pieces.

Inventory:

Hand Weapons
 a - a +1 falchion
 H - a +0 long sword (weapon)
Armour
 b - a +0 animal skin
 d - a cursed +0 ring mail
 h - a +1 cloak (worn)
 r - a +0 pair of gloves (worn)
 w - the +1 ring mail "Esus" (worn) {rPois Str+4}
   (You found it on level 4 of the Dungeon)

   It affects your strength (+4).
   It protects you from poison.
 G - a +0 pair of gloves
 I - a +0 buckler (worn)
Jewellery
 o - a ring of magical power (left hand)
 t - a ring of resist corrosion (right hand)
 v - an amulet of magic regeneration (around neck)
Wands
 F - a wand of enslavement (14)
Scrolls
 e - a scroll of magic mapping {unknown}
 f - 2 scrolls of teleportation
 j - 5 scrolls of identify
 k - 3 scrolls of blinking {unknown}
 n - a scroll of enchant weapon
 p - 4 scrolls of amnesia
 q - a scroll of noise
 y - a scroll of enchant armour
 z - a scroll of remove curse
 A - a scroll of fear {unknown}
 E - 2 scrolls of immolation {unknown}
Potions
 g - 4 potions of brilliance
 i - 2 potions of agility
 l - a potion of mutation
 m - 3 potions of curing
 s - 2 potions of haste {unknown}
 u - 2 potions of degeneration {unknown}
 x - 2 potions of cancellation {unknown}
 B - a potion of might {unknown}
 C - 3 potions of lignification {unknown}
 D - a potion of berserk rage {unknown}
 J - 2 potions of flight {unknown}
 K - a potion of heal wounds {unknown}
Comestibles
 c - 20 rations
 L - 2 chunks of flesh


   Skills:
 + Level 8.2 Fighting
 * Level 14.5 Long Blades
 + Level 7.2 Armour
 - Level 2.1 Dodging
 - Level 0.2 Stealth
 + Level 1.1 Shields


You had 9 spell levels left.
You didn't know any spells.
Your spell library was empty.

Dungeon Overview and Level Annotations

Branches:
Dungeon (9/15)             Temple (0/1) D:7
   Lair: D:8-11         Orc: D:9-12

Altars:
Dithmenos
Gozag
Nemelex Xobeh
Qazlal
Vehumet
Yredelemnul
The Shining One

Shops:
D:8 (


Innate Abilities, Weirdness & Mutations

You reflexively headbutt those who attack you in melee.
You have a pair of horns on your head.


Message History

* * * LOW HITPOINT WARNING * * *
The yak gores you.
* * * LOW HITPOINT WARNING * * *
The basilisk barely misses you. The yak gores you!
* * * LOW HITPOINT WARNING * * *
The basilisk bites you but does no damage.
The yak gores you.
* * * LOW HITPOINT WARNING * * *
The basilisk bites you!
* * * LOW HITPOINT WARNING * * *
The yak gores you but does no damage. The basilisk gazes at you.
You resist with some effort. The yak gores you but does no damage.
You turn to flesh and can move again.
A red film seems to cover your vision as you go berserk!
You feel yourself moving faster!
You feel mighty!
You are near starving!
The basilisk gazes at you. You resist with some effort. The yak gores you.
You die...

#...###............#.# #
#..........#.......#.# #
##....###...#.......#.#
###......##...##.....##.#
......##............###.##
..#.#.........##...## #..#
..........##....#### ##.#
.......####.....l..### #.#
<...#### #.#...@....###.#
#...# #.#...Y...<.##.#
..#.##### #.#..>....#.##.#
.##.....# #.#.......#....#
.######.###.#.......####.#
..## #.)##.#.......# ###
...#####.##.#.......#
.........##.#####.###
.....###.....####..#########


You could see a yak and a basilisk.

Vanquished Creatures
  A two-headed ogre (D:8)
  Grinder (D:3)
  2 hippogriffs
  3 yaks (D:9)
  Eustachio (D:5)
  Menkaure (D:5)
  Duvessa (D:7)
  2 porcupines (D:9)
  An orc warrior (D:6)
  An ice beast (D:9)
  A black bear (D:8)
  2 ogres
  2 phantoms (D:5)
  A centaur (D:8)
  A crocodile (D:9)
  3 bullfrogs
  Dowan (D:7)
  A wyvern skeleton (D:8)
  A scorpion (D:8)
  8 killer bees
  A howler monkey (D:5)
  3 crimson imps (D:7)
  3 hounds
  A bullfrog zombie (D:5)
  A bullfrog skeleton (D:6)
  5 jellies
  2 orc wizards
  2 orc priests
  3 iguanas
  10 worker ants
  A worker ant zombie (D:5)
  Robin (D:4)
  8 adders
  A shadow imp (D:8)
  An ooze (D:1)
  An adder zombie (D:6)
  An adder skeleton (D:6)
  3 worms
  3 dart slugs
  5 leopard geckos
  16 orcs
  3 ball pythons
  9 bats
  6 giant cockroaches
  2 gnoll zombies (D:4)
  15 goblins
  7 hobgoblins
  15 jackals
  6 kobolds
  5 quokkas
  6 frilled lizards
  A quokka zombie (D:5)
  6 rats
188 creatures vanquished.

Vanquished Creatures (others)
  A plant (D:9)
1 creature vanquished.

Grand Total: 189 creatures vanquished

Notes
Turn   | Place    | Note
-------+----------+-------------------------------------------
     0 | D:1      | Lauz the Minotaur Berserker began the quest for the Orb.
     0 | D:1      | Reached XP level 1. HP: 19/19 MP: 0/0
   156 | D:1      | Reached skill level 4 in Long Blades
   386 | D:1      | Reached XP level 2. HP: 26/27 MP: 1/1
  1053 | D:2      | Reached XP level 3. HP: 33/33 MP: 2/2
  1273 | D:2      | Reached ** piety under Trog
  1425 | D:2      | Reached skill level 5 in Long Blades
  1648 | D:2      | Reached XP level 4. HP: 36/40 MP: 3/3
  1926 | D:3      | Noticed Grinder
  1940 | D:3      | Killed Grinder
  1940 | D:3      | Reached skill level 5 in Fighting
  1940 | D:3      | Reached skill level 7 in Long Blades
  1940 | D:3      | Reached XP level 5. HP: 34/48 MP: 4/4
  1940 | D:3      | Reached XP level 6. HP: 39/56 MP: 5/5
  3055 | D:4      | Noticed Robin
  3061 | D:4      | Killed Robin
  3068 | D:4      | Reached skill level 8 in Long Blades
  3193 | D:4      | Reached *** piety under Trog
  3357 | D:4      | Got a slimy ring mail
  3368 | D:4      | Identified the cursed +1 ring mail "Esus" {rPois Str+4}
                  | (You found it on level 4 of the Dungeon)
  3376 | D:4      | Reached XP level 7. HP: 58/61 MP: 6/6
  3437 | D:4      | Found a basalt altar of Yredelemnul.
  3467 | D:4      | Found an opulent altar of Gozag.
  3467 | D:4      | Found a sparkling altar of Nemelex Xobeh.
  3468 | D:4      | Found a glowing golden altar of the Shining One.
  3596 | D:4      | Found a stormy altar of Qazlal.
  3674 | D:5      | Entered Level 5 of the Dungeon
  3721 | D:5      | Noticed Eustachio
  3749 | D:5      | Killed Eustachio
  3749 | D:5      | Reached skill level 9 in Long Blades
  3831 | D:5      | Found a shadowy altar of Dithmenos.
  3920 | D:5      | Noticed Menkaure
  4286 | D:5      | Reached skill level 10 in Long Blades
  4288 | D:5      | Reached XP level 8. HP: 61/70 MP: 7/7
  4398 | D:5      | Killed Menkaure
  4672 | D:5      | Reached **** piety under Trog
  5096 | D:6      | Reached skill level 11 in Long Blades
  5315 | D:6      | Noticed a hippogriff
  5324 | D:6      | Killed a hippogriff
  5351 | D:6      | Reached skill level 5 in Armour
  5826 | D:6      | Found a radiant altar of Vehumet.
  5997 | D:7      | Reached skill level 12 in Long Blades
  6025 | D:7      | Reached XP level 9. HP: 64/78 MP: 8/8
  6169 | D:7      | Noticed Duvessa
  6169 | D:7      | Noticed Dowan
  6180 | D:7      | Killed Duvessa
  6186 | D:7      | Killed Dowan
  6229 | D:7      | Reached skill level 13 in Long Blades
  6276 | D:7      | Found a staircase to the Ecumenical Temple.
  6578 | D:8      | Found Feolotelu's Antique Weapon Boutique.
  6680 | D:8      | Noticed a two-headed ogre
  6693 | D:8      | Killed a two-headed ogre
  6693 | D:8      | Reached ***** piety under Trog
  6710 | D:8      | Reached skill level 14 in Long Blades
  6894 | D:8      | Reached XP level 10. HP: 79/88 MP: 9/9
  7225 | D:9      | Reached skill level 1 in Shields
  7236 | D:9      | Noticed a two-headed ogre
  7271 | D:8      | HP: 2/88 [basilisk (4)]
  7273 | D:8      | Slain by a yak

Skill      XL: |  1  2  3  4  5  6  7  8  9 10 |
---------------+-------------------------------+-----
Long Blades    | 4 5 7 8 10 12 14 | 14.5
Fighting       | 4 5 6 7 8 |  8.2
Armour         | 3 5 6 7 |  7.2
Shields        | 1 |  1.1
Dodging        | |  2.1
Stealth        | |  0.2

Action                   |  1- 3 |  4- 6 |  7- 9 | 10-12 || total
-------------------------+-------+-------+-------+-------++-------
Melee: Falchion          |    74 |   102 |   222 |       ||   398
       Headbutt          |    10 |    17 |    69 |    12 ||   108
       Long sword        |       |       |    80 |    38 ||   118
Invok: Berserk           |       |     2 |     2 |     1 ||     5
  Use: Scroll            |       |       |    10 |       ||    10
  Eat: Chunk             |     2 |     4 |    10 |     1 ||    17
       Ration            |       |     1 |     1 |       ||     2
Armor: Animal skin       |    20 |    11 |       |       ||    31
       Ring mail         |       |       |   100 |    13 ||   113
Dodge: Dodged            |    52 |    59 |   164 |    18 ||   293
Block: Buckler           |       |       |     8 |     4 ||    12
       Rpst.: Falchion   |    10 |    11 |    23 |       ||    44
       Long sword        |       |       |    15 |     7 ||    22
